 Dungeon Crawl Stone Soup version 0.30.0-20-g3615ddf2f0 (webtiles) character file.

Game seed: 13824424168769563270

107 qw the Chopper (level 4, 0/28 HPs)
             Began as a Gargoyle Fighter on June 1, 2023.
             Slain by a hobgoblin (3 damage)
             ... while paralysed by Ijyb
             ... on level 3 of the Dungeon.
             The game lasted 00:00:55 (1761 turns).

qw the Chopper (Gargoyle Fighter)                   Turns: 1761, Time: 00:00:56

Health: 0/28       AC: 11    Str: 22    XL:     4   Next: 86%
Magic:  4/4        EV:  2    Int:  8    God:
Gold:   84         SH:  0    Dex:  9    Spells: 3/3 levels left

rFire   . . .        Y - +0 war axe
rCold   . . .        c - +0 buckler
rNeg    + . .        b - +0 scale mail
rPois   inf          k - +0 helmet
rElec   +            (no cloak)
rCorr   .            (no gloves)
SInv    .            (no boots)
Will    .....        (no amulet) Stlth
                     (no ring)
HPRegen 0.24/turn    (no ring)
MPRegen 0.09/turn

%: no passive effects
@: paralysed
A: sickness immunity, AC +3, negative energy resistance 1, electricity
resistance, torment resistance 1, petrification resistance
a: no special abilities


You were on level 3 of the Dungeon.
You visited 1 branch of the dungeon, and saw 3 of its levels.

You collected 183 gold pieces.
You spent 99 gold pieces at shops.


Innate Abilities, Weirdness & Mutations

You are immune to sickness and miasma.
Your stone body is resilient. (AC +3)
You are immune to poison.
You resist negative energy. (rN+)
You are resistant to electric shocks. (rElec)
You are resistant to unholy torment.
You are immune to petrification.


   Skills:
 - Level 3.2 Fighting
 + Level 4.4 Axes
 - Level 3.2 Armour
 - Level 3.2 Shields


You had 3 spell levels left.
You didn't know any spells.
Your spell library was empty.

Inventory:

Hand Weapons
 e - a +0 club
 Y - a +0 war axe (weapon)
Armour
 b - a +0 scale mail (worn)
 c - a +0 buckler (worn)
 k - a +0 helmet (worn)
 p - a +0 cloak
 q - a +0 chain mail
Scrolls
 m - a scroll of vulnerability {unknown}
Potions
 a - a potion of lignification {unknown}
 d - a potion of might
 f - a potion of attraction {unknown}
 g - a potion of flight {unknown}
 h - a potion of berserk rage {unknown}
 i - a potion of brilliance {unknown}
 j - a potion of invisibility {unknown}
 l - a potion of magic {unknown}
 n - a potion of degeneration {unknown}
 o - a potion of curing {unknown}

Dungeon Overview and Level Annotations

Branches:
Dungeon (3/15)

Altars:

Shops:
D:3 [

Annotations:
D:3 Ijyb


Message History

Robin is severely wounded.
You slash Ijyb! You closely miss the hobgoblin. Robin hits you with a +0 club.
The hobgoblin closely misses you.
Ijyb zaps a wand.
You suddenly lose the ability to move!
Robin hits you but does no damage. The hobgoblin hits you.
Ijyb zaps a wand.
You shrug off the repeated paralysis!
Robin hits you with a +0 club.
The hobgoblin hits you but does no damage.
Ijyb zaps a wand.
You shrug off the repeated paralysis!
Robin hits you with a +0 club.
The hobgoblin hits you but does no damage.
Ijyb hits you with a +0 club.
Ijyb no longer looks unusually strong.
Robin roars a battlecry!
Ijyb goes into a battle-frenzy!
The hobgoblin hits you but does no damage.
Ijyb zaps a wand.
You resist with some effort.
You can move again.
You slash Robin!
You kill Robin!
You closely miss Ijyb. You closely miss the hobgoblin.
Ijyb hits you with a +0 club! The hobgoblin closely misses you.
Ijyb barely misses you.
The hobgoblin hits you but does no damage.
You barely miss Ijyb.
Ijyb is moderately wounded.
You closely miss the hobgoblin.
The hobgoblin no longer looks unusually strong.
Ijyb zaps a wand.
You shrug off the repeated paralysis!
You block the hobgoblin's attack.
You hit Ijyb.
Ijyb is moderately wounded.
You barely miss the hobgoblin.
Ijyb zaps a wand.
You resist with some effort. The hobgoblin closely misses you.
You closely miss Ijyb.
Ijyb is moderately wounded.
You barely miss the hobgoblin.
Ijyb zaps a wand.
You resist with some effort. The hobgoblin barely misses you.
Ijyb zaps a wand.
You suddenly lose the ability to move!
The hobgoblin hits you.
You die...

#....###.#..##)
#.....
#........<....
##....
#...........#
#....
##..........###
#....
#............####
##...
#...............#
#...
#...............#
#...
#######.g%......#
#### #..@)......
#.)g.......
#####......
...... .....
..... .... )...


You could see Ijyb (strong) and a hobgoblin.

Vanquished Creatures
  An orc wizard (D:3)
  Robin (D:3)
  An adder (D:2)
  A worm (D:2)
  6 dart slugs
  3 orcs (D:3)
  6 endoplasms (D:1)
  3 giant cockroaches
  4 goblins
  6 hobgoblins
  A quokka (D:3)
  3 ball pythons
  2 bats
  3 frilled lizards
  3 kobolds
  A rat (D:2)
45 creatures vanquished.

Notes
Turn   | Place    | Note
-------+----------+-------------------------------------------
     0 | D:1      | qw the Gargoyle Fighter began the quest for the Orb.
     0 | D:1      | Reached XP level 1. HP: 14/14 MP: 1/1
     0 | D:1      | 0 ||| qw: Version: 0.2-a-102-gfc559e5
     0 | D:1      | 0 ||| qw: Game counter: 620
     0 | D:1      | 0 ||| qw: Always use a shield: true
     0 | D:1      | 0 ||| qw: God list: Okawaru
     0 | D:1      | 0 ||| qw: Allow faded altars: false
     0 | D:1      | 0 ||| qw: Do Orc after D:15 true
     0 | D:1      | 0 ||| qw: Do second Lair branch before Depths: true
     0 | D:1      | 0 ||| qw: Lair rune preference: random
     0 | D:1      | 0 ||| qw: Plans: Normal, Zot:1-4, Slime:5, God:TSO, Crypt,
                  | Tomb, Pan, Hells, Abyss, Win
     0 | D:1      | 0 ||| PLANNING D:1-11
     9 | D:1      | 9 ||| Stepping ~*~*~tactically~*~*~ (stealth).
    24 | D:1      | Reached skill level 2 in Axes
    56 | D:1      | 56 ||| Stepping ~*~*~tactically~*~*~ (hiding).
    63 | D:1      | Reached XP level 2. HP: 17/19 MP: 2/2
   103 | D:1      | 103 ||| Stepping ~*~*~tactically~*~*~ (hiding).
   325 | D:1      | Reached skill level 3 in Axes
   453 | D:1      | Reached XP level 3. HP: 23/23 MP: 3/3
   616 | D:1      | 616 ||| UPGRADING to +0 helmet.
   621 | D:1      | 621 ||| READING scroll labelled BAEBBA KAHUPYP.
   622 | D:1      | 622 ||| READING 2 scrolls labelled UXTIHU MUOTI.
   623 | D:1      | 623 ||| READING scroll labelled WIUZIU XAIMUH.
   624 | D:1      | 624 ||| DROPPING scroll of blinking.
   653 | D:2      | 653 ||| Stepping ~*~*~tactically~*~*~ (hiding).
   655 | D:2      | 655 ||| Stepping ~*~*~tactically~*~*~ (hiding).
   669 | D:2      | Found a faded altar of an unknown god.
   727 | D:2      | 727 ||| Stepping ~*~*~tactically~*~*~ (hiding).
   728 | D:2      | 728 ||| Stepping ~*~*~tactically~*~*~ (hiding).
  1406 | D:2      | 1406 ||| Stepping ~*~*~tactically~*~*~ (hiding).
  1407 | D:2      | 1407 ||| Stepping ~*~*~tactically~*~*~ (hiding).
  1408 | D:2      | 1408 ||| Stepping ~*~*~tactically~*~*~ (hiding).
  1484 | D:2      | 1484 ||| READING scroll labelled TEOLAENWOLO.
  1485 | D:2      | 1485 ||| READING scroll labelled WOIREU WOGEO.
  1516 | D:3      | Found Vuvvafin's Antique Armour Shop.
  1529 | D:3      | Reached XP level 4. HP: 28/28 MP: 4/4
  1539 | D:3      | 1539 ||| BUYING cloak (99 gold).
  1539 | D:3      | Bought a cloak for 99 gold pieces
  1539 | D:3      | 1539 ||| SHOPLISTING glowing plate armour (572 gold, have
                  | 67).
  1539 | D:3      | 1539 ||| SHOPLISTING shiny buckler (165 gold, have 67).
  1544 | D:3      | 1544 ||| Stepping ~*~*~tactically~*~*~ (stealth).
  1599 | D:3      | HP: 7/28 [something (3)]
  1605 | D:3      | Reached skill level 4 in Axes
  1743 | D:3      | Noticed Ijyb
  1744 | D:3      | Noticed Robin
  1753 | D:3      | Paralysed by Ijyb for 5 turns
  1758 | D:3      | Killed Robin
  1758 | D:3      | HP: 2/28 [Ijyb/+0 club (7)]
  1761 | D:3      | Paralysed by Ijyb for 3 turns
  1761 | D:3      | Slain by a hobgoblin

Levels and vault maps discovered:
D:1:      evilmike_arrival_plus, layout_rooms
D:2:      layout_loops_cross, hellmonk_ecumenical_altar_crossroads
D:3:      layout_basic, mainiacjoe_overflow_surrounded_room,
          lemuel_crystal_altar, serial_shops, shop, minmay_misc_feat_doors,
          nicolae_goblin_pals, uniq_ijyb

Skill      XL: |  1  2  3  4 |
---------------+-------------+-----
Axes           | 2 3 4 |  4.4
Fighting       | |  3.2
Armour         | |  3.2
Shields        | |  3.2

Action                     |  1- 3 |  4- 6 || total
---------------------------+-------+-------++-------
  Melee: War axe           |    98 |    52 ||   150
    Use: Scroll            |     5 |       ||     5
 Armour: Scale mail        |    45 |    52 ||    97
  Dodge: Dodged            |    31 |    24 ||    55
  Block: Buckler           |    15 |    10 ||    25

Table legend:
 A = Non-vault XP
 B = Vault XP
 C = Vault XP percentage of total XP
 D = Non-vault monster count
 E = Vault monster count
 F = Vault count percentage of total count
                 A         B        C        D         E       F
            +---------+---------+-------+---------+---------+-------
      Total |     131 |      23 |  14.9 |      40 |       5 |  11.1
            +---------+---------+-------+---------+---------+-------
        D:1 |      43 |       0 |   0.0 |      21 |       0 |   0.0
        D:2 |      38 |       0 |   0.0 |      11 |       0 |   0.0
        D:3 |      50 |      23 |  31.5 |       8 |       5 |  38.5
            +---------+---------+-------+---------+---------+-------
